APL (24 & UNDER)
SAVANNAH HOGS @ PENSACOLA PILOTS
04/16/2030
 
TOP OF THE 1ST
Savannah Hogs batting - Pitching for Pensacola Pilots : RHP David Hood
Pitching: RHP David Hood
Batting: RHB Luis Mercado 0-0: Foul Ball, location: 2F
0-1: SINGLE (Flyball, 8RS)
Batting: SHB Ramón Minas 0-0: Ball
1-0: Foul Ball, location: 2F
1-1: Ball
2-1: Foul Ball, location: 2F
2-2: Ball
3-2: SINGLE (Flyball, 8RS)
Luis Mercado to second
Batting: LHB Felipe Franco 0-0: Ball
1-0: Grounds into double play, 4-6-3 (Groundball, 4)
Luis Mercado to third
Batting: RHB Pedro Cuevas 0-0: Ground out 4-3 (Groundball, 4M)
Top of the 1st over - 0 runs, 2 hits, 0 errors, 1 left on base; Savannah 0 - Pensacola 0
BOTTOM OF THE 1ST
Pensacola Pilots batting - Pitching for Savannah Hogs : LHP Ricardo Rosário
Pitching: LHP Ricardo Rosário
Batting: RHB Octávio Aldeguer 0-0: Swinging Strike
0-1: Fly out, F3 (Line Drive, 34S)
Batting: RHB Albert Morán 0-0: Ball
1-0: SOLO HOME RUN (Flyball, 78XD), Distance : 430 ft
Batting: RHB Bill Andrews 0-0: Called Strike
0-1: Ball
1-1: Ball
2-1: Foul Ball, location: 2F
2-2: Strikes out swinging, 2-3 out at first.
Batting: LHB Ángel Flores 0-0: Ball
1-0: Called Strike
1-1: Ball
2-1: Foul Ball, location: 2F
2-2: Strikes out swinging
Bottom of the 1st over - 1 run, 1 hit, 0 errors, 0 left on base; Savannah 0 - Pensacola 1
TOP OF THE 2ND
Savannah Hogs batting - Pitching for Pensacola Pilots : RHP David Hood
Batting: RHB Rick Holman 0-0: Swinging Strike
0-1: Ball
1-1: Ball
2-1: Ground out 6-3 (Groundball, 56)
Batting: RHB Wilson Ortíz 0-0: Ball
1-0: SINGLE (Groundball, 6MD)
Batting: SHB Gilberto Acevedo 0-0: Ball
1-0: SINGLE (Groundball, 34D)
Wilson Ortíz to second
Runner from 2nd tries for 3rd, SAFE, no throw
Batting: RHB Ramiro Villescaz 0-0: SINGLE (Line Drive, 56)
Wilson Ortíz scores
Gilberto Acevedo to second
Batting: RHB Miguel Martínez 0-0: Fly out, F6 (Popup, 6S)
Batting: RHB Luis Mercado 0-0: Called Strike
0-1: Ball
1-1: Ball
2-1: Foul Ball, location: 2F
2-2: Foul Ball, location: 2F
2-2: Ball
3-2: Fly out, F7 (Flyball, 7LMF)
Top of the 2nd over - 1 run, 3 hits, 0 errors, 2 left on base; Savannah 1 - Pensacola 1
BOTTOM OF THE 2ND
Pensacola Pilots batting - Pitching for Savannah Hogs : LHP Ricardo Rosário
Batting: RHB Tony Pulla 0-0: Foul Ball, location: 2F
0-1: Ball
1-1: Swinging Strike
1-2: Ball
2-2: Strikes out swinging
Batting: RHB José Ramos 0-0: Ball
1-0: Foul Ball, location: 2F
1-1: Called Strike
1-2: SINGLE (Groundball, 34D)
Batting: RHB Pietro Ciccoritti 0-0: Ball
1-0: Ball
2-0: Grounds into double play, 4-6-3 (Groundball, 4)
Bottom of the 2nd over - 0 runs, 1 hit, 0 errors, 0 left on base; Savannah 1 - Pensacola 1
TOP OF THE 3RD
Savannah Hogs batting - Pitching for Pensacola Pilots : RHP David Hood
Batting: SHB Ramón Minas 0-0: Bunt missed!
0-1: Swinging Strike
0-2: SINGLE (Flyball, 7S)
Batting: LHB Felipe Franco 0-0: Ball
1-0: Ball
2-0: Called Strike
2-1: Called Strike
2-2: SINGLE (Groundball, 6D)
Ramón Minas to second
Batting: RHB Pedro Cuevas 0-0: Swinging Strike
0-1: Ball
1-1: Ball
2-1: Foul Ball, location: 2F
2-2: Foul Ball, location: 2F
2-2: Fly out, F7 (Flyball, 7D)
Batting: RHB Rick Holman 0-0: Hit by Pitch
Ramón Minas to third
Felipe Franco to second
Batting: RHB Wilson Ortíz 0-0: Called Strike
0-1: Ball
1-1: Grounds into double play, 4-6-3 (Groundball, 4)
Top of the 3rd over - 0 runs, 2 hits, 0 errors, 2 left on base; Savannah 1 - Pensacola 1
BOTTOM OF THE 3RD
Pensacola Pilots batting - Pitching for Savannah Hogs : LHP Ricardo Rosário
Batting: RHB Felipe Hernández 0-0: Ball
1-0: Ball
2-0: Ball
3-0: Called Strike
3-1: Called Strike
3-2: Base on Balls
Batting: RHB Timothy Foster 0-0: Swinging Strike
0-1: Ball
1-1: Called Strike
1-2: Foul Ball, location: 2F
1-2: Ball
2-2: Foul Ball, location: 2F
2-2: Foul Ball, location: 2F
2-2: SINGLE (Line Drive, 34)
Felipe Hernández to second
Felipe Hernández to third
Batting: RHB Octávio Aldeguer 0-0: Called Strike
0-1: Swinging Strike
0-2: Strikes out looking
Batting: RHB Albert Morán 0-0: Ball
1-0: Called Strike
1-1: SINGLE (Line Drive, 56D)
Felipe Hernández scores
Timothy Foster to second
Batting: RHB Bill Andrews 0-0: Ball
1-0: Ball
2-0: Called Strike
2-1: Foul Ball, location: 2F
2-2: Fly out, F9 (Flyball, 9LM)
Batting: LHB Ángel Flores 0-0: Fielders Choice at 2nd, 5-4 (Groundball, 56)
Bottom of the 3rd over - 1 run, 2 hits, 0 errors, 2 left on base; Savannah 1 - Pensacola 2
TOP OF THE 4TH
Savannah Hogs batting - Pitching for Pensacola Pilots : RHP David Hood
Batting: SHB Gilberto Acevedo 0-0: Ball
1-0: Ground out U3 (Groundball, 3)
Batting: RHB Ramiro Villescaz 0-0: Ball
1-0: SINGLE (Flyball, 89S)
Batting: RHB Miguel Martínez 0-0: Called Strike
0-1: Ball
1-1: Fly out, F6 (Line Drive, 56)
Batting: RHB Luis Mercado 0-0: Called Strike
0-1: Ball
1-1: Ball
Ramiro Villescaz steals 2nd base
2-1: Foul Ball, location: 2F
2-2: Ball
3-2: Strikes out swinging
Top of the 4th over - 0 runs, 1 hit, 0 errors, 1 left on base; Savannah 1 - Pensacola 2
BOTTOM OF THE 4TH
Pensacola Pilots batting - Pitching for Savannah Hogs : LHP Ricardo Rosário
Batting: RHB Tony Pulla 0-0: Ball
1-0: Ball
2-0: Fly out, F8 (Line Drive, 8LD)
Batting: RHB José Ramos 0-0: Foul Ball, location: 2F
0-1: Ball
1-1: SINGLE (Groundball, 6MD)
Batting: RHB Pietro Ciccoritti 0-0: Ball
1-0: Called Strike
1-1: Swinging Strike
1-2: Fly out, F5 (Line Drive, 5L)
Batting: RHB Felipe Hernández 0-0: Foul Ball, location: 2F
0-1: Fly out, F9 (Flyball, 9LD)
Bottom of the 4th over - 0 runs, 1 hit, 0 errors, 1 left on base; Savannah 1 - Pensacola 2
TOP OF THE 5TH
Savannah Hogs batting - Pitching for Pensacola Pilots : RHP David Hood
Batting: SHB Ramón Minas 0-0: Called Strike
0-1: Ball
1-1: Called Strike
1-2: Fly out, F6 (Popup, 6)
Batting: LHB Felipe Franco 0-0: Foul Ball, location: 2F
0-1: Ball
1-1: Foul Ball, location: 2F
1-2: Ball
2-2: Ball
3-2: Ground out 5-3 (Groundball, 5L)
Batting: RHB Pedro Cuevas 0-0: Foul Ball, location: 2F
0-1: Swinging Strike
0-2: Strikes out looking
Top of the 5th over - 0 runs, 0 hits, 0 errors, 0 left on base; Savannah 1 - Pensacola 2
BOTTOM OF THE 5TH
Pensacola Pilots batting - Pitching for Savannah Hogs : LHP Ricardo Rosário
Batting: RHB Timothy Foster 0-0: Ball
1-0: Ground out 4-3 (Groundball, 4)
Batting: RHB Octávio Aldeguer 0-0: Ball
1-0: Called Strike
1-1: Foul Ball, location: 2F
1-2: Ball
2-2: Ball
3-2: Strikes out swinging
Batting: RHB Albert Morán 0-0: Ball
1-0: Ball
2-0: Foul Ball, location: 2F
2-1: Ball
3-1: Fly out, F9 (Flyball, 9D)
Bottom of the 5th over - 0 runs, 0 hits, 0 errors, 0 left on base; Savannah 1 - Pensacola 2
TOP OF THE 6TH
Savannah Hogs batting - Pitching for Pensacola Pilots : RHP David Hood
Batting: RHB Rick Holman 0-0: Swinging Strike
0-1: Foul Ball, location: 2F
0-2: Foul Ball, location: 2F
0-2: Strikes out looking
Batting: RHB Wilson Ortíz 0-0: Swinging Strike
0-1: Fly out, F8 (Flyball, 8LM)
Batting: SHB Gilberto Acevedo 0-0: Ball
1-0: Ball
2-0: Foul Ball, location: 2F
2-1: Ground out 2-3 (Groundball, 2L)
Top of the 6th over - 0 runs, 0 hits, 0 errors, 0 left on base; Savannah 1 - Pensacola 2
BOTTOM OF THE 6TH
Pensacola Pilots batting - Pitching for Savannah Hogs : LHP Ricardo Rosário
Batting: RHB Bill Andrews 0-0: Called Strike
0-1: Ball
1-1: Ball
2-1: Ball
3-1: Called Strike
3-2: Foul Ball, location: 2F
3-2: Ground out 5-3 (Groundball, 56S)
Batting: LHB Ángel Flores 0-0: Called Strike
0-1: Ball
1-1: Foul Ball, location: 2F
1-2: Strikes out looking
Batting: RHB Tony Pulla 0-0: Swinging Strike
0-1: Swinging Strike
0-2: Fly out, F9 (Line Drive, 9)
Bottom of the 6th over - 0 runs, 0 hits, 0 errors, 0 left on base; Savannah 1 - Pensacola 2
TOP OF THE 7TH
Savannah Hogs batting - Pitching for Pensacola Pilots : RHP David Hood
Pitching: RHP Jesús Núńez
Batting: RHB Ramiro Villescaz 0-0: Ball
1-0: Ball
2-0: Ground out 4-3 (Groundball, 4S)
Batting: RHB Miguel Martínez 0-0: Called Strike
0-1: Foul Ball, location: 2F
0-2: Ground out 1-3 (Groundball, 13)
Batting: RHB Luis Mercado 0-0: Ball
1-0: Called Strike
1-1: Foul Ball, location: 2F
1-2: Ball
2-2: Strikes out swinging
Top of the 7th over - 0 runs, 0 hits, 0 errors, 0 left on base; Savannah 1 - Pensacola 2
BOTTOM OF THE 7TH
Pensacola Pilots batting - Pitching for Savannah Hogs : LHP Ricardo Rosário
Batting: RHB José Ramos 0-0: Called Strike
0-1: Ball
1-1: Ball
2-1: Foul Ball, location: 2F
2-2: Fly out, F3 (Flyball, 3D)
Batting: RHB Pietro Ciccoritti 0-0: Ball
1-0: Called Strike
1-1: Ball
2-1: Swinging Strike
2-2: Strikes out looking
Batting: RHB Felipe Hernández 0-0: Called Strike
0-1: Called Strike
0-2: Foul Ball, location: 2F
0-2: Ball
1-2: Ball
2-2: Ball
3-2: Fly out, F9 (Line Drive, 89S)
Bottom of the 7th over - 0 runs, 0 hits, 0 errors, 0 left on base; Savannah 1 - Pensacola 2
TOP OF THE 8TH
Savannah Hogs batting - Pitching for Pensacola Pilots : RHP Jesús Núńez
Batting: SHB Ramón Minas 0-0: Called Strike
0-1: Called Strike
0-2: Strikes out swinging
Batting: LHB Felipe Franco 0-0: Ball
1-0: Called Strike
1-1: Foul Ball, location: 2F
1-2: Strikes out swinging
Batting: RHB Pedro Cuevas 0-0: Ball
1-0: Ball
2-0: Ball
3-0: Base on Balls
Pinch Runner at 1st Alberto Castellanos:
Batting: RHB Rick Holman 0-0: Ball
1-0: Ball
2-0: Ball
3-0: Called Strike
3-1: Base on Balls
Alberto Castellanos to second
Batting: RHB Wilson Ortíz 0-0: Called Strike
0-1: Foul Ball, location: 2F
0-2: Strikes out swinging
Top of the 8th over - 0 runs, 0 hits, 0 errors, 2 left on base; Savannah 1 - Pensacola 2
BOTTOM OF THE 8TH
Pensacola Pilots batting - Pitching for Savannah Hogs : LHP Ricardo Rosário
Pitching: RHP Fernando Barrios
Now at 3B: Tucker Cooper
Batting: RHB Timothy Foster 0-0: Called Strike
0-1: Swinging Strike
0-2: Strikes out looking
Batting: RHB Octávio Aldeguer 0-0: Ball
1-0: Ball
2-0: Called Strike
2-1: Foul Ball, location: 2F
2-2: Ground out U3 (Groundball, 3)
Batting: RHB Albert Morán 0-0: Ball
1-0: Foul Ball, location: 2F
1-1: SINGLE (Line Drive, 6MD)
Batting: RHB Bill Andrews 0-0: Ball
1-0: Ball
2-0: Foul Ball, location: 2F
2-1: Swinging Strike
2-2: Strikes out looking
Bottom of the 8th over - 0 runs, 1 hit, 0 errors, 1 left on base; Savannah 1 - Pensacola 2
TOP OF THE 9TH
Savannah Hogs batting - Pitching for Pensacola Pilots : RHP Jesús Núńez
Pitching: RHP Scott Willerton
Now at 1B: John Hall
Pinch Hitting: SHB David Bennett 0-0: Ball
1-0: Called Strike
1-1: Ball
2-1: Fly out, F9 (Flyball, 9)
Pinch Hitting: SHB Juan Chávez 0-0: Ball
1-0: Ball
2-0: Ball
3-0: Base on Balls
Pinch Hitting: RHB José Ramos 0-0: Foul Ball, location: 2F
0-1: Ball
1-1: Ball
2-1: SINGLE (Groundball, 34D)
Juan Chávez to second
Runner from 2nd tries for 3rd, SAFE, no throw
Batting: RHB Luis Mercado 0-0: Called Strike
0-1: Swinging Strike
0-2: Strikes out swinging
Batting: SHB Ramón Minas 0-0: Ball
1-0: Foul Ball, location: 2F
1-1: Ball
2-1: DOUBLE (Line Drive, 78D)
Juan Chávez scores
José Ramos to third
Batting: LHB Felipe Franco 0-0: Ball
1-0: Ball
2-0: Called Strike
2-1: Ball
3-1: Base on Balls
Batting: RHB Tucker Cooper 0-0: Ball
1-0: Ball
2-0: Ball
3-0: Base on Balls
José Ramos scores
Ramón Minas to third
Felipe Franco to second
Batting: RHB Rick Holman 0-0: Swinging Strike
0-1: Swinging Strike
0-2: Foul Ball, location: 2F
0-2: Strikes out swinging
Top of the 9th over - 2 runs, 2 hits, 0 errors, 3 left on base; Savannah 3 - Pensacola 2
BOTTOM OF THE 9TH
Pensacola Pilots batting - Pitching for Savannah Hogs : RHP Fernando Barrios
Pitching: RHP Salvador Cervantes
Now at 1B: Juan Morales
Now at 2B: Juan Chávez
Now in CF: Lewis Childress
Batting: LHB Ángel Flores 0-0: Ball
1-0: Foul Ball, location: 2F
1-1: Foul Ball, location: 2F
1-2: Ball
2-2: Ball
3-2: Foul Ball, location: 2F
3-2: Strikes out swinging
Pinch Hitting: LHB Preston Hamilton 0-0: Called Strike
0-1: SINGLE (Line Drive, 6MD)
Pinch Runner at 1st Carlos González:
Batting: RHB José Ramos 0-0: Swinging Strike
0-1: Called Strike
0-2: Fly out, F9 (Line Drive, 89D)
Runner from 1st tags up, SAFE at 2nd
Batting: RHB John Hall 0-0: Ball
1-0: Fly out, F8 (Flyball, 8LS)
Bottom of the 9th over - 0 runs, 1 hit, 0 errors, 1 left on base; Savannah 3 - Pensacola 2
Saturday, April 7th, 2018 - OOTP Baseball 18.8 Build 76